 Dungeon Crawl Stone Soup version 0.29-a0-824-gd827844252 (webtiles) character file.

Game seed: 13198679186641618596

25 coolguy69 the Cutter (level 3, -3/20 HPs)
             Began as a Vine Stalker Monk on July 10, 2022.
             Slain by a gnoll
             ... wielding a +0 spear
              (5 damage)
             ... on level 2 of the Dungeon.
             The game lasted 00:00:52 (1743 turns).

coolguy69 the Cutter (Vine Stalker Monk)            Turns: 1743, Time: 00:00:52

Health: -3/20      AC:  3    Str: 15    XL:     3   Next: 6%
Magic:  0/4        EV: 13    Int: 10    God:
Gold:   56         SH:  0    Dex: 16    Spells: 2/2 levels left

rFire   . . .      SeeInvis .   a - +0 short sword
rCold   . . .      Faith    .   (no shield)
rNeg    . . .      Spirit   +   b - +0 robe
rPois   .          Reflect  .   (no helmet)
rElec   .          Harm     .   f - +0 cloak
rCorr   .          Rampage  .   (no gloves)
Will    .....                   (no boots)
Stlth   ++........              (no amulet)
HPRegen 0.06/turn               (no ring)
MPRegen 0.09/turn               (no ring)

@: no status effects
A: fangs 2, magic shield, antimagic bite, no potion heal 2
a: no special abilities


You were on level 2 of the Dungeon.
You visited 1 branch of the dungeon, and saw 2 of its levels.

You collected 56 gold pieces.

Inventory:

Hand Weapons
 a - a +0 short sword (weapon)
Armour
 b - a +0 robe (worn)
 f - a +0 cloak (worn)
Scrolls
 d - 2 scrolls of fog {unknown}
 g - a scroll of poison {unknown}
Potions
 c - a potion of ambrosia
 e - a potion of invisibility {unknown}


   Skills:
 + Level 3.0 Fighting
 + Level 3.1 Short Blades
 + Level 2.6 Dodging
 + Level 2.9 Stealth


You had 2 spell levels left.
You didn't know any spells.
Your spell library contained the following spells:

 Spells                   Type           Power      Damage    Failure   Level
 Gell's Gravitas          Tloc           0%         N/A       75%         3
 Teleport Other           Tloc           0%         N/A       75%         3
 Dispersal                Tloc           0%         N/A       100%        6


Dungeon Overview and Level Annotations

Branches:
Dungeon (2/15)

Altars:


Innate Abilities, Weirdness & Mutations

You have extremely sharp teeth.
When hurt, damage is shared between your health and your magic reserves.
Your bite disrupts and absorbs the magic of your enemies.
Potions cannot restore your health.


Message History

The gnoll is heavily wounded.
You hit the gnoll but do no damage. You bite the gnoll. You drain its power.
The gnoll is heavily wounded.
The gnoll hits you from afar with a +0 spear.
You hit the gnoll.
The gnoll is severely wounded.
The gnoll hits you from afar with a +0 spear!
The gnoll hits you with a +0 club.
* * * LOW HITPOINT WARNING * * *
The gnoll misses you.
There is a stone staircase leading up here.
The gnoll hits you from afar with a +0 spear.
* * * LOW HITPOINT WARNING * * *
The gnoll closely misses you.
You climb upwards.
There is a stone staircase leading down here.
Okay, then.
You hit the gnoll. You bite the gnoll.
You kill the gnoll!
Your Fighting skill increases to level 3!
You have reached level 3!
Your experience leads to an increase in your attributes!
Increase (S)trength, (I)ntelligence, or (D)exterity?
You feel stronger. x2
You start resting.
Magic restored.
You start resting.
HP restored.
You start waiting.
Done waiting.
You climb downwards.
The gnoll misses you. The gnoll hits you with a +3 whip!
The gnoll hits you with a +3 whip. The gnoll barely misses you.
There is a stone staircase leading up, spattered with blood here.
You are too injured to fight recklessly!
You are too injured to fight recklessly!
The gnoll hits you from afar with a +0 spear!
* * * LOW HITPOINT WARNING * * *
The gnoll barely misses you.
The gnoll hits you from afar with a +0 spear.
You die...

#.#.)# # #.#.#
#.###...######
#............#
#..#.........#
#............#
###......g.g...#
............g..#
.....#.....@...#
.....#.........#
.....#.....รท...#
#### #.........#
#.........#
########.######
#8^..#.#..^8#
###.##_##.###
#...........#


You could see 3 gnolls.

Vanquished Creatures
  A gnoll (D:1)
  2 ball pythons (D:1)
  2 endoplasms (D:1)
  2 hobgoblins (D:1)
  2 kobolds (D:1)
  2 bats (D:1)
  A frilled lizard (D:2)
  3 goblins (D:1)
  2 rats (D:1)
17 creatures vanquished.

Notes
Turn   | Place    | Note
-------+----------+-------------------------------------------
     0 | D:1      | coolguy69 the Vine Stalker Monk began the quest for the
                  | Orb.
     0 | D:1      | Reached XP level 1. HP: 11/11 MP: 2/2
   476 | D:1      | Reached XP level 2. HP: 16/16 MP: 3/3
  1289 | D:2      | Found a faded altar of an unknown god.
  1337 | D:1      | Reached XP level 3. HP: 1/20 MP: 0/4
  1743 | D:2      | Slain by a gnoll

Illustrated notes

Levels and vault maps discovered:
D:1:      heliophobic_arrival_enchanted_forest, layout_basic
D:2:      layout_rooms, shapermc_ecumenical_altar_mp_highgroup, basic_altar,
          serial_shops, shop

Skill      XL: |  1  2 |
---------------+-------+-----
Short Blades   | 3 |  3.1
Fighting       | 3 |  3.0
Dodging        | |  2.6
Stealth        | |  2.9

Action                   || total
-------------------------++-------
Melee: Short sword       ||    39
       Bite              ||    12
 Stab: Sleeping          ||     6
Armor: Robe              ||     6
Dodge: Dodged            ||    24

Table legend: (Time is in decaauts)
 A = Elapsed time spent in this place.
 B = Non-inter-level travel time spent in this place.
 C = Inter-level travel time spent in this place.
 D = Time resting spent in this place.
 E = Time spent auto-exploring this place.
 F = Levels seen in this place.
 G = Mean time per level.
                   A        B        C        D        E       F      G
               +--------+--------+--------+--------+--------+-----+--------+
         Total |   1741 |   1612 |    129 |    404 |   1071 |   2 |  870.5 |
       Dungeon |   1741 |   1612 |    129 |    404 |   1071 |   2 |  870.5 |
               +--------+--------+--------+--------+--------+-----+--------+

Top non-repeatable levels by time:
     D:1: 1694 daAuts
     D:2: 47 daAuts
